General information
			
			
        
        - name: BNet
 
        - type: Ladder team game (AT/RT)
 
        - host: Battle.net
 
        - saver: AsianPresident
 
        
map: MarketSquare 
        - players: 8
 
        - length: 18:22
 
        - speed: Fast
 - version: 1.22 W3XP
 - replay type:  Public
 
» download(119 KB)
Players
        team 1 (winner) 
              
              
cakewilly (
orange | 64 APM | 1178 actions | 18:22)
              
 5 Pandaren Brewmaster 
 3 Breath of Fire
 2 Drunken Brawler
 2 Pit Lord 
 1 Howl of Terror
 1 Cleaving Attack
 
                » actions 
                
                | Assign group hotkey | 1 |  | 
| Build / train | 51 |  | 
| Enter build submenu | 13 |  | 
| Enter hero's abilities submenu | 7 |  | 
| Right click | 770 |  | 
| Select / deselect | 289 |  | 
| Use ability | 47 |  | 
                1178 total
 » units 
                
                | Wisp | 15 |  | 
| Archer | 7 |  | 
| Hippogryph | 4 |  | 
| Faerie Dragon | 5 |  | 
| Druid of the Claw | 1 |  | 
                32 total
 » upgrades
                
                | Improved Bows | 1 |  | 
| Strength of the Wild | 1 |  | 
| Reinforced Hides | 1 |  | 
                3 total
 » buildings
                
                | Moon Well | 5 |  | 
| Ancient of War | 1 |  | 
| Altar of Elders | 1 |  | 
| Ancient of Wonders | 1 |  | 
| Tree of Ages | 1 |  | 
| Hunter's Hall | 1 |  | 
| Ancient of Wind | 2 |  | 
| Ancient of Lore | 1 |  | 
| Tree of Life | 1 |  | 
                14 total
 » build order
                00:20 Moon Well
00:37 Ancient of War
01:00 Altar of Elders
01:21 Moon Well
02:15 Moon Well
03:05 Moon Well
03:46 Ancient of Wonders
03:48 Tree of Ages
04:53 Hunter's Hall
05:29 Moon Well
06:21 Ancient of Wind
06:25 Ancient of Wind
06:30 Ancient of Lore
06:58 Tree of Life
» items
                
                | Potion of Invisibility | 3 |  | 
| Scroll of Town Portal | 2 |  | 
                5 total
  
               
              
              
» 
AsianPresident (
green | 108 APM | 1978 actions | 18:22)
              
 7 Paladin 
 3 Holy Light
 3 Devotion Aura
 1 Resurrection
 
                » actions 
                
                | Assign group hotkey | 17 |  | 
| Basic commands | 150 |  | 
| Build / train | 49 |  | 
| Enter build submenu | 17 |  | 
| Enter hero's abilities submenu | 7 |  | 
| Right click | 766 |  | 
| Select / deselect | 515 |  | 
| Select group hotkey | 409 |  | 
| Use ability | 48 |  | 
                1978 total
 » units 
                
                | Peasant | 9 |  | 
| Rifleman | 14 |  | 
| Priest | 3 |  | 
                26 total
 » upgrades
                
                | Masonry | 3 |  | 
| Gunpowder | 3 |  | 
| Long Rifles | 1 |  | 
| Armor | 3 |  | 
| Priest Training | 2 |  | 
                12 total
 » buildings
                
                | Altar of Kings | 1 |  | 
| Farm | 7 |  | 
| Barracks | 1 |  | 
| Blacksmith | 1 |  | 
| Lumber Mill | 1 |  | 
| Scout Tower | 1 |  | 
| Arcane Tower | 1 |  | 
| Arcane Vault | 1 |  | 
| Keep | 1 |  | 
| Arcane Sanctum | 1 |  | 
| Castle | 1 |  | 
                17 total
 » build order
                00:04 Altar of Kings
00:07 Farm
00:58 Barracks
01:15 Blacksmith
01:37 Farm
02:11 Lumber Mill
02:14 Scout Tower
02:40 Farm
02:58 Arcane Tower
03:16 Farm
04:24 Arcane Vault
05:24 Keep
05:35 Farm
06:36 Farm
07:48 Arcane Sanctum
07:48 Castle
08:27 Farm
 
               
              
              
SnakeBucket (
purple | 33 APM | 613 actions | 18:21)
              
 6 Warden 
 2 Shadow Strike
 3 Fan of Knives
 1 Spirit of Vengeance
 
                » actions 
                
                | Assign group hotkey | 15 |  | 
| Build / train | 63 |  | 
| Enter build submenu | 16 |  | 
| Enter hero's abilities submenu | 6 |  | 
| Right click | 161 |  | 
| Select / deselect | 210 |  | 
| Select group hotkey | 105 |  | 
| Use ability | 37 |  | 
                613 total
 » units 
                
                | Wisp | 18 |  | 
| Archer | 2 |  | 
| Huntress | 7 |  | 
| Dryad | 13 |  | 
| Druid of the Claw | 3 |  | 
                43 total
 » upgrades
                
                | Strength of the Moon | 2 |  | 
| Moon Armor | 1 |  | 
| Strength of the Wild | 3 |  | 
| Reinforced Hides | 3 |  | 
| Abolish Magic | 1 |  | 
| Druid of the Claw Training | 1 |  | 
                11 total
 » buildings
                
                | Altar of Elders | 1 |  | 
| Moon Well | 7 |  | 
| Ancient of War | 2 |  | 
| Hunter's Hall | 1 |  | 
| Tree of Ages | 1 |  | 
| Tree of Life | 1 |  | 
| Ancient of Lore | 2 |  | 
| Tree of Eternity | 1 |  | 
                16 total
 » build order
                00:06 Altar of Elders
00:21 Moon Well
01:02 Ancient of War
01:18 Moon Well
01:59 Hunter's Hall
02:25 Ancient of War
03:53 Moon Well
05:08 Moon Well
06:08 Tree of Ages
06:28 Moon Well
07:41 Tree of Life
08:19 Moon Well
09:29 Ancient of Lore
09:35 Ancient of Lore
12:05 Moon Well
13:33 Tree of Eternity
 
               
              
              
» 
George_Clooney (
blue | 37 APM | 686 actions | 18:22)
              
 6 Paladin 
 1 Holy Light
 3 Devotion Aura
 1 Divine Shield
 1 Resurrection
 3 Archmage 
 2 Brilliance Aura
 1 Summon Water Elemental
 1 Mountain King 
 1 Storm Bolt
 
                » actions 
                
                | Assign group hotkey | 12 |  | 
| Basic commands | 58 |  | 
| Build / train | 101 |  | 
| Enter build submenu | 18 |  | 
| Enter hero's abilities submenu | 10 |  | 
| Give item / drop item | 1 |  | 
| Remove unit from queue | 2 |  | 
| Right click | 214 |  | 
| Select / deselect | 153 |  | 
| Select group hotkey | 58 |  | 
| Use ability | 59 |  | 
                686 total
 » units 
                » upgrades
                
                | Long Rifles | 0 |  | 
| Defend | 1 |  | 
| Swords | 3 |  | 
| Plating | 3 |  | 
| Lumber Harvesting | 2 |  | 
| Backpack | 1 |  | 
| Masonry | 1 |  | 
| Armor | 1 |  | 
| Gunpowder | 1 |  | 
                13 total
 » buildings
                
                | Farm | 8 |  | 
| Altar of Kings | 1 |  | 
| Barracks | 1 |  | 
| Lumber Mill | 1 |  | 
| Arcane Vault | 1 |  | 
| Keep | 1 |  | 
| Town Hall | 1 |  | 
| Blacksmith | 1 |  | 
| Castle | 1 |  | 
| Workshop | 1 |  | 
                17 total
 » build order
                00:06 Farm
00:11 Altar of Kings
00:51 Barracks
01:17 Farm
01:59 Farm
02:37 Lumber Mill
03:43 Farm
04:20 Arcane Vault
04:40 Keep
05:28 Farm
06:40 Town Hall
06:53 Blacksmith
08:28 Farm
09:18 Farm
11:23 Farm
11:26 Castle
17:38 Workshop
» items
                 
               team 2 (loser) 
              
              
B-rand (
red | 63 APM | 918 actions | 14:34)
              
 4 Tauren Chieftain 
 2 Shockwave
 2 Endurance Aura
 3 Pandaren Brewmaster 
 2 Breath of Fire
 1 Drunken Haze
 
                » actions 
                
                | Assign group hotkey | 10 |  | 
| Build / train | 49 |  | 
| Enter build submenu | 12 |  | 
| Enter hero's abilities submenu | 7 |  | 
| Give item / drop item | 1 |  | 
| Right click | 306 |  | 
| Select / deselect | 78 |  | 
| Select group hotkey | 388 |  | 
| Use ability | 67 |  | 
                918 total
 » units 
                
                | Peon | 11 |  | 
| Wind Rider | 6 |  | 
| Shaman | 4 |  | 
| Troll Batrider | 3 |  | 
                24 total
 » upgrades
                
                | Armor | 1 |  | 
| Ranged Weapons | 2 |  | 
| Shaman Training | 2 |  | 
| Envenomed Spears | 1 |  | 
| Liquid Fire | 1 |  | 
                7 total
 » buildings
                
                | Altar of Storms | 1 |  | 
| Orc Burrow | 5 |  | 
| Voodoo Lounge | 1 |  | 
| Stronghold | 1 |  | 
| War Mill | 1 |  | 
| Beastiary | 2 |  | 
| Fortress | 1 |  | 
| Spirit Lodge | 1 |  | 
                13 total
 » build order
                00:05 Altar of Storms
00:17 Orc Burrow
01:03 Voodoo Lounge
01:33 Orc Burrow
02:35 Stronghold
03:11 War Mill
03:16 Orc Burrow
05:17 Beastiary
05:18 Beastiary
05:34 Orc Burrow
07:12 Fortress
07:47 Spirit Lodge
08:55 Orc Burrow
» items
                
                | Healing Salve | 2 |  | 
| Lesser Clarity Potion | 3 |  | 
| Scroll of Town Portal | 1 |  | 
| Orb of Lightning | 1 |  | 
                7 total
  
               
              
              
» 
sunblade (
teal | 61 APM | 945 actions | 15:33)
              
 2 Mountain King 
 1 Storm Bolt
 1 Bash
 2 Paladin 
 1 Holy Light
 1 Divine Shield
 
                » actions 
                
                | Assign group hotkey | 16 |  | 
| Basic commands | 41 |  | 
| Build / train | 54 |  | 
| ESC pressed | 3 |  | 
| Enter build submenu | 27 |  | 
| Enter hero's abilities submenu | 4 |  | 
| Remove unit from queue | 1 |  | 
| Right click | 289 |  | 
| Select / deselect | 178 |  | 
| Select group hotkey | 291 |  | 
| Use ability | 41 |  | 
                945 total
 » units 
                
                | Peasant | 17 |  | 
| Mortar Team | 9 |  | 
| Priest | 4 |  | 
| Sorceress | 5 |  | 
                35 total
 » upgrades
                
                | Masonry | 1 |  | 
| Lumber Harvesting | 1 |  | 
| Fragmentation Shards | 1 |  | 
| Flare | 1 |  | 
                4 total
 » buildings
                
                | Altar of Kings | 1 |  | 
| Farm | 9 |  | 
| Scout Tower | 8 |  | 
| Lumber Mill | 1 |  | 
| Guard Tower | 5 |  | 
| Keep | 1 |  | 
| Arcane Tower | 1 |  | 
| Blacksmith | 1 |  | 
| Workshop | 2 |  | 
| Arcane Sanctum | 2 |  | 
| Castle | 1 |  | 
| Town Hall | 1 |  | 
                33 total
 » build order
                00:12 Altar of Kings
00:15 Farm
01:04 Scout Tower
01:08 Scout Tower
01:18 Scout Tower
01:22 Lumber Mill
01:34 Farm
01:36 Scout Tower
01:38 Scout Tower
02:13 Scout Tower
02:26 Guard Tower
02:49 Scout Tower
03:19 Keep
03:22 Guard Tower
03:24 Scout Tower
03:30 Guard Tower
03:38 Arcane Tower
03:45 Guard Tower
03:58 Guard Tower
05:43 Blacksmith
06:21 Farm
06:24 Farm
07:03 Workshop
07:05 Workshop
07:11 Arcane Sanctum
07:14 Arcane Sanctum
07:59 Castle
08:18 Farm
08:22 Farm
08:27 Farm
09:42 Town Hall
09:54 Farm
09:56 Farm
 
               
              
              
AtNightE (
yellow | 19 APM | 300 actions | 16:05)
              
 1 Warden 
 1 Shadow Strike
 1 Firelord 
 1 Summon Lava Spawn
 1 Pandaren Brewmaster 
 1 Breath of Fire
 
                » actions 
                
                | Basic commands | 2 |  | 
| Build / train | 35 |  | 
| Enter build submenu | 18 |  | 
| Enter hero's abilities submenu | 3 |  | 
| Right click | 94 |  | 
| Select / deselect | 122 |  | 
| Use ability | 25 |  | 
                300 total
 » units 
                » upgrades
                
                | Strength of the Wild | 2 |  | 
| Reinforced Hides | 2 |  | 
                4 total
 » buildings
                
                | Altar of Elders | 1 |  | 
| Moon Well | 9 |  | 
| Tree of Ages | 1 |  | 
| Hunter's Hall | 1 |  | 
| Ancient Protector | 4 |  | 
| Tree of Eternity | 1 |  | 
| Ancient of Wind | 1 |  | 
| Chimaera Roost | 2 |  | 
                20 total
 » build order
                00:05 Altar of Elders
00:09 Moon Well
00:59 Moon Well
01:54 Moon Well
02:50 Moon Well
03:31 Tree of Ages
03:39 Hunter's Hall
03:47 Moon Well
04:49 Moon Well
04:56 Ancient Protector
05:04 Ancient Protector
05:15 Ancient Protector
05:28 Ancient Protector
05:45 Moon Well
06:10 Tree of Eternity
06:59 Moon Well
07:27 Ancient of Wind
08:17 Moon Well
09:11 Chimaera Roost
09:17 Chimaera Roost
 
               
              
              
macbethatticus7 (
pink | 24 APM | 438 actions | 18:21)
              
 3 Pit Lord 
 2 Howl of Terror
 1 Cleaving Attack
 
                » actions 
                
                | Basic commands | 6 |  | 
| Build / train | 37 |  | 
| Enter build submenu | 11 |  | 
| Enter hero's abilities submenu | 4 |  | 
| Give item / drop item | 2 |  | 
| Remove unit from queue | 17 |  | 
| Right click | 163 |  | 
| Select / deselect | 168 |  | 
| Use ability | 30 |  | 
                438 total
 » units 
                
                | Peasant | 7 |  | 
| Footman | 1 |  | 
| Rifleman | 5 |  | 
                13 total
 » upgrades
                » buildings
                
                | Altar of Kings | 1 |  | 
| Farm | 5 |  | 
| Lumber Mill | 1 |  | 
| Barracks | 1 |  | 
| Arcane Vault | 1 |  | 
| Blacksmith | 1 |  | 
                10 total
 » build order
                01:08 Altar of Kings
01:32 Farm
02:06 Lumber Mill
02:35 Barracks
04:19 Arcane Vault
04:34 Blacksmith
04:43 Farm
05:50 Farm
06:46 Farm
07:31 Farm
» items
                 
                Chat log
          (00:17 / All) George_Clooney: white power
(00:20 / All) George_Clooney: my sister has aids
(00:24 / All) B-rand: go bama
(00:24 / All) AsianPresident: Im running for the GOP in 2012.
(00:27 / All) cakewilly: nice 
(00:47 / All) George_Clooney: niggers are ruling white people now o.o when did things get so out of hand
(00:52 / All) AsianPresident: I agree
(00:59 / All) macbethatticus7: lol
(01:20 / All) macbethatticus7: that wasnt a rascist statement at all
(01:25 / All) George_Clooney: not at all
(01:27 / All) AsianPresident: Its not racist
(01:28 / All) AsianPresident: Im Asian
(01:33 / All) George_Clooney: just pointing out a observation
(01:38 / All) George_Clooney: Asians aren't people
(01:42 / All) macbethatticus7: lol
(01:43 / All) AsianPresident: I agree
(01:44 / All) George_Clooney: all they see is in horizontial
(01:53 / All) AsianPresident: But the good thing is my views are uni lateral
(01:54 / All) AsianPresident: :)
(01:59 / All) cakewilly: asian are robot that one day will rule the world
(02:15 / All) George_Clooney: could blind fold one with dental floss
(02:16 / All) macbethatticus7: oj who the fuck said you could speal
(02:19 / All) macbethatticus7: speak*
(02:29 / All) George_Clooney: word
(02:37 / All) cakewilly: word...
(02:51 / All) AsianPresident: I will run against Barack.
(02:53 / All) AsianPresident: And defeat him
(02:57 / All) George_Clooney: its not hard
(03:00 / All) George_Clooney: just throw some watermelon
(03:04 / All) macbethatticus7: u know whats weird
(03:04 / All) George_Clooney: and give him a kfc coupon
(03:14 / All) macbethatticus7: during his speech he had bulletproof glass
(03:16 / All) macbethatticus7: on both sides of him
(03:22 / All) AsianPresident: of course 
(03:26 / All) George_Clooney: well duh
(03:27 / All) sunblade: wouldnt u
(03:30 / All) George_Clooney: no
(03:33 / All) George_Clooney: i'm ballsy like that
(03:35 / All) B-rand: he will die in 2 yrs
(03:37 / All) macbethatticus7: well im asking cuz
(03:41 / All) macbethatticus7: is it only cuz hes black?
(03:46 / All) AsianPresident: no
(03:50 / All) sunblade: yup
(03:51 / All) AsianPresident: he needed the protection
(03:59 / All) B-rand: tehre still r some extreme rascits still
(04:01 / All) George_Clooney: didn't want anymore black faggots
(04:53 / All) macbethatticus7: and what pisses me off is that obama is BARELY black
(04:57 / All) macbethatticus7: hes more muslim then black
(04:59 / All) AsianPresident: hes black
(05:02 / All) AsianPresident: Half white
(05:04 / All) AsianPresident: hes a mulatto
(05:06 / All) macbethatticus7: hes like 15% black
(05:10 / All) AsianPresident: hes a mulatto
(05:12 / All) AsianPresident: his father was an african
(05:13 / All) macbethatticus7: his dad wasnt even full black
(05:14 / All) George_Clooney: he's a nigger nuff said
(05:48 / All) AsianPresident: Oh hes blak all right
(09:18 / Allies) AsianPresident: lvl5 pally
(09:20 / Allies) AsianPresident: lol
(09:28 / Allies) cakewilly: lol pink got fuck by one hero
(09:42 / Allies) AsianPresident: hit
(12:14 / All) B-rand: wwo, yellow never had any units
(12:16 / All) B-rand: and never fed
(12:24 / All) George_Clooney: neat
(12:57 / Allies) AsianPresident: defedn on
(18:16 / All) macbethatticus7: lucky ass
(18:18 / All) macbethatticus7: 8 hp